 Dungeon Crawl Stone Soup version 0.31-a0-977-gc230f8ef24 (webtiles) character file.

Game seed: 17486124716341576490

124598 vaulus the Severer (level 16, -3/154 HPs)
             Began as a Minotaur Fighter on Oct 28, 2023.
             Was the Champion of Okawaru.
             Slain by a mana viper (12 damage)
             ... led by a naga ritualist
             ... on level 2 of the Snake Pit on Oct 29, 2023.
             The game lasted 01:38:53 (22214 turns).

vaulus the Severer (Minotaur Fighter)              Turns: 22214, Time: 01:38:54

Health: -3/154     AC: 34    Str: 43    XL:     16   Next: 39%
Magic:  0/15       EV:  8    Int: 11    God:    Okawaru [******]
Gold:   2093       SH:  5    Dex:  9    Spells: 15/15 levels left

rFire   + . .        P - +10 executioner's axe of Withewke {freeze, Dex+2}
rCold   + . .        (shield currently unavailable)
rNeg    . . .        V - +1 crystal plate armour
rPois   .            (helmet restricted)
rElec   .            b - +2 cloak
rCorr   +            u - +0 pair of gloves
SInv    +            Y - +1 pair of boots of Cecvo Ria {rF+ rC- Int+4}
Will    +....        R - amulet "Soime" {Reflect rC+ Str+6 Int+2 Dex-4 SH+5} Stlth
                     I - +6 ring of strength
HPRegen 0.45/turn    h - ring of Prescription {rC+ rCorr Str+3 SInv}
MPRegen 0.14/turn

%: reflection
@: lethally poisoned (-3 -> -35)
A: horns 2, retaliatory headbutt
a: Renounce Religion, Heroism, Finesse, Duel


You were on level 2 of the Snake Pit.
You worshipped Okawaru.
Okawaru was exalted by your worship.
You visited 6 branches of the dungeon, and saw 23 of its levels.
You also visited: Sewer.

You collected 2093 gold pieces.

Inventory:

Hand Weapons
 P - the +10 executioner's axe of Withewke (weapon) {freeze, Dex+2}
   (Okawaru gifted it to you on level 1 of the Lair of Beasts)

   Dex+2:     It affects your dexterity (+2).
 S - a +6 broad axe of draining
Missiles
 w - a throwing net (quivered)
Armour
 b - a +2 cloak (worn)
 u - a +0 pair of gloves (worn)
 J - a +7 chain mail of positive energy
 V - a +1 crystal plate armour (worn)
 Y - the +1 pair of boots of Cecvo Ria (worn) {rF+ rC- Int+4}
   (You found it on level 4 of the Lair of Beasts)

   Int+4:     It affects your intelligence (+4).
   rF+:       It protects you from fire.
   rC-:       It makes you vulnerable to cold.
Jewellery
 c - a +6 ring of dexterity
 h - the ring of Prescription (right hand) {rC+ rCorr Str+3 SInv}
   (You found it on level 1 of the Lair of Beasts)

   [ring of see invisible]

   Str+3:     It affects your strength (+3).
   rC+:       It protects you from cold.
   SInv:      It lets you see invisible.
   rCorr:     It protects you from acid and corrosion.
 n - a +5 ring of evasion
 I - a +6 ring of strength (left hand)
 R - the amulet "Soime" (around neck) {Reflect rC+ Str+6 Int+2 Dex-4 SH+5}
   (You found it on level 10 of the Dungeon)

   [amulet of reflection]

   Reflect:   It reflects blocked missile attacks.
   Str+6:     It affects your strength (+6).
   Int+2:     It affects your intelligence (+2).
   Dex-4:     It affects your dexterity (-4).
   rC+:       It protects you from cold.
   SH+5:      It affects your SH (+5).
Wands
 a - a wand of flame (24)
 C - a wand of polymorph (6)
 G - a wand of mindburst (12)
 L - a wand of quicksilver (3)
 W - a wand of roots (4)
Scrolls
 f - 8 scrolls of teleportation
 g - 3 scrolls of identify
 k - 5 scrolls of fog
 p - 2 scrolls of noise
 q - 2 scrolls of torment
 t - 2 scrolls of blinking
 D - 3 scrolls of fear {unknown}
 H - a scroll of acquirement {unknown}
 K - a scroll of immolation {unknown}
 M - a scroll of poison
 Q - 2 scrolls of amnesia {unknown}
 T - a scroll of vulnerability {unknown}
 U - 2 scrolls of brand weapon {unknown}
Potions
 d - 5 potions of might
 e - 2 potions of degeneration
 i - 7 potions of lignification
 l - a potion of heal wounds
 m - 9 potions of haste
 r - 2 potions of magic
 s - 14 potions of curing
 v - 2 potions of attraction {unknown}
 z - 7 potions of ambrosia
 A - 2 potions of resistance
 B - 2 potions of brilliance
 E - 2 potions of mutation
 F - 3 potions of berserk rage
 N - a potion of invisibility {unknown}
 X - a potion of enlightenment {unknown}


   Skills:
 + Level 16.9 Fighting
 * Level 19.2(19.6) Axes
 - Level 6.7(14.1) Maces & Flails
 + Level 16.8 Armour
 + Level 16.8 Shields


You had 15 spell levels left.
You didn't know any spells.
Your spell library contained the following spells:

 Spells                   Type           Power      Damage    Failure   Level
 Apportation              Tloc           0%         N/A       92%         1
 Necrotise                Necr           0%         1d4       92%         1
 Sandblast                Erth           0%         2d4       92%         1
 Blink                    Tloc           0%         N/A       98%         2
 Lesser Beckoning         Tloc           0%         N/A       98%         2
 Momentum Strike          Conj/Tloc      0%         3d8       98%         2
 Passwall                 Tmut/Erth      0%         N/A       98%         2
 Hailstorm                Conj/Ice       0%         3d3       100%        3
 Stone Arrow              Conj/Erth      0%         3d7       100%        3
 Vampiric Draining        Necr           0%         2d6       100%        3
 Brom's Barrelling Bould  Conj/Erth      0%         2d3       100%        4
 Vhi's Electric Charge    Tloc/Air       0%         N/A       100%        4
 Agony                    Necr           0%         N/A       100%        5
 Arcjolt                  Conj/Air       0%         1d10      100%        5
 Iskenderun's Battlesphe  Conj           0%         2d6       100%        5
 Bombard                  Conj/Erth      0%         9d1       100%        6
 Plasma Beam              Fire/Air       0%         2x1d10    100%        6
 Summon Small Mammal      Summ           Unusable   N/A       N/A         1
 Summon Ice Beast         Ice/Summ       Unusable   N/A       N/A         4
 Simulacrum               Ice/Necr       Unusable   N/A       N/A         6
 Spellforged Servitor     Conj/Summ      Unusable   N/A       N/A         7

Dungeon Overview and Level Annotations

Branches:
Dungeon (12/15)            Temple (1/1) D:5            Lair (5/5) D:9
 Shoals (1/4) Lair:3        Snake (2/4) Lair:3        Slime (0/5) Lair:4
    Orc (2/2) D:12            Elf (0/3) Orc:2         Sewer (visited)

Altars:
Ashenzari
Cheibriados
Dithmenos
Elyvilon
Fedhas
Gozag
Hepliaklqana
Kikubaaqudgha
Makhleb
Nemelex Xobeh
Okawaru
Qazlal
Ru
Sif Muna
Trog
Uskayaw
Vehumet
Wu Jian
Xom
Yredelemnul
Zin
The Shining One
Jiyva

Shops:
D:12 :(   Orc:2 =?(:   Snake:1 **

Annotations:
D:8 exclusions: oklob plant and oklob sapling
D:10 exclusion: obsidian statue


Innate Abilities, Weirdness & Mutations

You have a pair of horns on your head.
You reflexively headbutt those who attack you in melee.


Message History

The mana viper bites you but does no damage.
The black mamba bites you but does no damage.
The mana viper bites you but does no damage.
You see here a black mamba corpse.
Unknown command.
You feel like a meek peon again.
You feel sick.
* * * LOW HITPOINT WARNING * * *
You are more poisoned.
The black mamba attacks as it pursues you!
The black mamba bites you!
* * * LOW HITPOINT WARNING * * *
You are lethally poisoned!
The black mamba poisons you! You block the mana viper's attack.
The naga ritualist mumbles some strange prayers to its god.
The naga ritualist begins to radiate toxic energy.
* * * LOW HITPOINT WARNING * * *
You are more poisoned.
You feel much better.
You feel extremely sick.
* * * LOW HITPOINT WARNING * * *
You are more poisoned.
* * * LOW HITPOINT WARNING * * *
You are lethally poisoned!
The mana viper bites you!
* * * LOW HITPOINT WARNING * * *
You feel your power leaking away.
The mana viper bites you but does no damage.
You feel much better.
* * * LOW HITPOINT WARNING * * *
You feel extremely sick.
* * * LOW HITPOINT WARNING * * *
You are lethally poisoned!
The naga ritualist's toxic aura wanes.
* * * LOW HITPOINT WARNING * * *
You are more poisoned.
The mana viper bites you!
* * * LOW HITPOINT WARNING * * *
The mana viper bites you!
You die...

...........#
...........######
................#
................#
................# ##
................# .###
.........#......## ...
....#..#.........###.# .#
....##.#.#......@SNN.#..#
...###.#.#......#S##....##
...###.#.#......#S.).......
.........#.##...........##?
####.#...............<..#
##...#..........###..##..#
..[..#...........).... #...
).)..#....>........?... ...
...).#..###.########....


You could see 2 naga ritualists, 2 mana vipers and a black mamba.

Vanquished Creatures
  A nagaraja (Snake:2)
  2 merfolk impalers (Shoals:1)
  A fire dragon (Lair:5)
  An ettin (Orc:1)
  Erolcha (Orc:2)
  2 ogre magi (Orc:2)
  3 hydras
  8 anacondas
  2 catoblepae
  A merfolk avatar (Shoals:1)
  A naga warrior (Snake:1)
  2 boulder beetles
  7 death yaks
  4 naga sharpshooters
  2 shock serpents
  Urug (D:11)
  Nergalle (Orc:2)
  8 skysharks
  3 sea snakes (Shoals:1)
  A swamp dragon (Lair:5)
  4 naga ritualists
  Pikel (D:5)
  A harpy (Lair:3)
  6 orc sorcerers (Orc:2)
  A lindwurm (Lair:5)
  2 cyclopes
  10 mana vipers
  6 manticores
  An ugly thing (D:11)
  A merfolk siren (Shoals:1)
  A salamander (Snake:1)
  Maurice (D:8)
  6 elephants (Lair:5)
  A guardian serpent (Snake:1)
  4 naga magi
  23 black mambas
  10 cane toads
  Joseph (D:8)
  An unseen horror (D:12)
  A water nymph (Shoals:1)
  Jeremiah (D:8)
  Maggie (D:7)
  5 unseen horror zombies (D:9)
  3 rime drakes
  4 kobold demonologists
  11 komodo dragons
  5 trolls
  A polar bear (Lair:3)
  3 meliai (D:12)
  3 hornets
  A wind drake (Shoals:1)
  3 merfolk (Shoals:1)
  5 blink frogs (Lair:5)
  3 dream sheep (Lair:5)
  A snapping turtle (Shoals:1)
  4 slime creatures (Lair:4)
  60 yaks
  A shadow (D:9)
  A wraith (D:11)
  A vampire (D:10)
  9 wyverns
  A steam dragon (Lair:5)
  7 basilisks
  4 vampire mosquitoes (D:12)
  2 wargs
  13 nagas
  Duvessa (D:7)
  2 acid dragons (Lair:5)
  2 swamp drakes (Lair:5)
  36 water moccasins
  18 orc warriors
  7 ogres
  17 wolves
  2 centaurs
  9 kobold brigands
  3 lemures (D:5)
  Blork the orc (D:4)
  9 bullfrogs
  2 scorpions
  10 wights
  Dowan (D:7)
  3 killer bees (D:7)
  3 electric eels
  A howler monkey (D:8)
  A crimson imp (D:6)
  A lava snake (D:7)
  2 centaur zombies (D:9)
  Crazy Yiuf (D:7)
  12 orc priests
  3 hounds
  3 gnoll boudas
  Ijyb (D:5)
  7 iguanas
  30 orc wizards
  A howler monkey zombie (D:9)
  14 gnolls
  32 adders
  2 river rats (Sewer)
  A shadow imp (D:5)
  4 white imps
  2 worms (D:2)
  3 dart slugs
  74 orcs
  17 ball pythons
  5 endoplasms
  7 giant cockroaches
  4 goblins
  8 hobgoblins
  6 jackals
  5 quokkas
  5 bats
  3 frilled lizards
  19 kobolds
  8 rats
695 creatures vanquished.

Vanquished Creatures (others)
  2 orc wizards (Orc:2)
  An adder (Lair:1)
  A kobold (D:10)
4 creatures vanquished.

Grand Total: 699 creatures vanquished

Notes
Turn   | Place    | Note
-------+----------+-------------------------------------------
     0 | D:1      | vaulus the Minotaur Fighter began the quest for the Orb.
     0 | D:1      | Reached XP level 1. HP: 19/19 MP: 0/0
   108 | D:1      | Reached skill level 1 in Axes
   179 | D:1      | Reached XP level 2. HP: 27/27 MP: 0/1
   710 | D:2      | Reached XP level 3. HP: 27/33 MP: 0/2
   770 | D:2      | Reached skill level 2 in Axes
  1355 | D:3      | Reached XP level 4. HP: 40/40 MP: 1/3
  1480 | D:3      | Reached skill level 3 in Axes
  1520 | D:3      | Reached XP level 5. HP: 25/47 MP: 1/4
  1872 | D:4      | Noticed Blork the orc
  1900 | D:4      | Killed Blork the orc
  1901 | D:4      | Reached skill level 4 in Axes
  2311 | D:4      | Reached XP level 6. HP: 55/55 MP: 1/5
  2393 | D:4      | Found an ancient bone altar of Kikubaaqudgha.
  2417 | D:5      | Entered Level 5 of the Dungeon
  2466 | D:5      | Reached skill level 5 in Fighting
  2466 | D:5      | Reached skill level 5 in Armour
  2466 | D:5      | Reached skill level 5 in Shields
  2540 | D:5      | Reached skill level 5 in Axes
  2610 | D:5      | Reached XP level 7. HP: 61/61 MP: 2/6
  2873 | D:5      | Reached skill level 6 in Axes
  2961 | D:5      | Found a glowing drain.
  2973 | Sewer    | Entered a sewer
  3479 | D:5      | Noticed Pikel
  3503 | D:5      | Killed Pikel
  3504 | D:5      | Reached skill level 7 in Axes
  3504 | D:5      | Reached XP level 8. HP: 38/71 MP: 2/7
  3624 | D:5      | Found a staircase to the Ecumenical Temple.
  3703 | D:5      | Noticed Ijyb
  3719 | D:5      | Killed Ijyb
  3763 | Temple   | Entered the Ecumenical Temple
  3800 | Temple   | Became a worshipper of Warmaster Okawaru
  3923 | D:6      | Reached skill level 8 in Axes
  4486 | D:6      | Reached skill level 11 in Axes
  4487 | D:6      | Reached XP level 9. HP: 83/83 MP: 2/8
  4487 | D:6      | Reached skill level 10 in Fighting
  4487 | D:6      | Reached skill level 13 in Axes
  4487 | D:6      | Reached skill level 10 in Armour
  4487 | D:6      | Reached skill level 10 in Shields
  4487 | D:6      | Reached XP level 10. HP: 94/94 MP: 3/9
  4569 | D:7      | Found a hide-covered altar of Uskayaw.
  4599 | D:7      | Found a runed translucent door.
  4600 | D:7      | Noticed Crazy Yiuf
  4605 | D:7      | Killed Crazy Yiuf
  4785 | D:7      | Noticed Duvessa
  4789 | D:7      | Noticed Dowan
  4798 | D:7      | Killed Dowan
  4803 | D:7      | Killed Duvessa
  4877 | D:7      | Reached * piety under Okawaru
  4948 | D:7      | Noticed Maggie
  4959 | D:7      | Killed Maggie
  5252 | D:8      | Noticed Jeremiah
  5256 | D:8      | Noticed Maurice
  5483 | D:8      | Something stole a +6 glaive of protection
  5483 | D:8      | Something stole a ring of poison resistance
  5486 | D:8      | Something stole 2 throwing nets
  5497 | D:8      | Killed Maurice
  5498 | D:8      | Reached XP level 11. HP: 93/101 MP: 3/10
  5695 | D:8      | Reached ** piety under Okawaru
  5727 | D:8      | Reached skill level 14 in Axes
  5800 | D:8      | Killed Jeremiah
  6098 | D:8      | Noticed Joseph
  6128 | D:8      | Killed Joseph
  6244 | D:8      | Noticed an oklob plant
  6729 | D:9      | Paralysed by a hornet for 2 turns
  6734 | D:9      | Reached *** piety under Okawaru
  7116 | D:9      | Found a shadowy altar of Dithmenos.
  7116 | D:9      | Found a bloodstained altar of Trog.
  7124 | D:9      | Found a basalt altar of Yredelemnul.
  7126 | D:9      | Found a stormy altar of Qazlal.
  7127 | D:9      | Found a radiant altar of Vehumet.
  7365 | D:9      | Found a staircase to the Lair.
  7507 | D:9      | Reached **** piety under Okawaru
  7622 | D:10     | Entered Level 10 of the Dungeon
  7720 | D:10     | Noticed an obsidian statue
  7744 | D:10     | Identified the amulet "Soime" {Reflect rC+ Str+6 Int+2
                  | Dex-4 SH+5}
  7748 | D:10     | Reached skill level 5 in Maces & Flails
  8455 | D:11     | Noticed a six-headed hydra
  8467 | D:11     | Killed a six-headed hydra
  8659 | D:11     | Noticed Urug
  8672 | D:11     | Killed Urug
  8673 | D:11     | Reached XP level 12. HP: 63/111 MP: 11/11
  8675 | D:11     | Reached ***** piety under Okawaru
  9882 | Gauntlet | Identified the "Ysaic"
  9898 | D:12     | Reached skill level 15 in Axes
  9930 | D:12     | Received a gift from Okawaru
  9971 | D:12     | Found a staircase to the Orcish Mines.
  9985 | D:12     | Found Lowk's Book Shop.
 10349 | D:12     | Noticed a boulder beetle
 10366 | D:12     | Killed a boulder beetle
 10367 | D:12     | Found a burning altar of Makhleb.
 10590 | D:12     | Found Gothoahi's Weapon Shop.
 10716 | Lair:1   | Entered Level 1 of the Lair of Beasts
 10880 | Lair:1   | You fall into a shaft and drop 1 floor!
 11117 | Lair:2   | Noticed a boulder beetle
 11140 | Lair:2   | Killed a boulder beetle
 11140 | Lair:2   | Reached ****** piety under Okawaru
 11182 | Lair:2   | Received a gift from Okawaru
 11361 | Lair:1   | Reached XP level 13. HP: 121/122 MP: 12/12
 11554 | Lair:1   | Identified the ring of Prescription {rC+ rCorr Str+3 SInv}
 11571 | Lair:1   | Received a gift from Okawaru
 11994 | Lair:1   | Acquired the +10 executioner's axe of Withewke {freeze,
                  | Dex+2}
 11994 | Lair:1   | Received a gift from Okawaru
 12002 | Lair:1   | Acquired a +0 crystal plate armour
 12002 | Lair:1   | Received a gift from Okawaru
 12969 | Lair:3   | Found a staircase to the Shoals.
 13133 | Lair:3   | Received a gift from Okawaru
 13324 | Lair:3   | Found a staircase to the Snake Pit.
 13963 | Lair:4   | Reached skill level 16 in Axes
 13963 | Lair:4   | Reached XP level 14. HP: 133/133 MP: 13/13
 14295 | Lair:4   | Found a staircase to the Slime Pits.
 14296 | Lair:4   | Found a viscous altar of Jiyva.
 14476 | Lair:4   | Identified the +1 pair of boots of Cecvo Ria {rF+ rC-
                  | Int+4}
 14880 | Lair:5   | Entered Level 5 of the Lair of Beasts
 14904 | Lair:5   | Received a gift from Okawaru
 15102 | Lair:5   | Reached skill level 15 in Fighting
 15108 | Lair:5   | Identified the +0 plate armour of Proximity {Regen+ Str+4
                  | Int-5}
 15126 | Lair:5   | Reached skill level 15 in Shields
 15129 | Lair:5   | Reached XP level 15. HP: 141/141 MP: 14/14
 15148 | Lair:5   | Reached skill level 15 in Armour
 15213 | Lair:5   | Received a gift from Okawaru
 15218 | Lair:5   | Reached skill level 17 in Axes
 15926 | Lair:5   | Received a gift from Okawaru
 16675 | D:12     | Upgraded the game from 0.31-a0-971-g75a2e9a4b4 to
                  | 0.31-a0-977-gc230f8ef24
 16678 | Orc:1    | Entered Level 1 of the Orcish Mines
 17159 | Orc:2    | Entered Level 2 of the Orcish Mines
 17334 | Orc:2    | Found a staircase to the Elven Halls.
 17477 | Orc:2    | Found a radiant altar of Vehumet.
 17567 | Orc:2    | Found Qukud's Book Shop.
 17618 | Orc:2    | Found a radiant altar of Vehumet.
 17618 | Orc:2    | Noticed Erolcha
 17631 | Orc:2    | Killed Erolcha
 17644 | Orc:2    | Found Wetezuim's Magic Scroll Shop.
 17729 | Orc:2    | Noticed Nergalle
 17755 | Orc:2    | Killed Nergalle
 17780 | Orc:2    | Found an ancient bone altar of Kikubaaqudgha.
 17862 | Orc:2    | Found Loiziemo's Antique Weapon Boutique.
 18153 | Orc:2    | Found Zuagrifo's Jewellery Boutique.
 18691 | Shoals:1 | Entered Level 1 of the Shoals
 18725 | Shoals:1 | Received a gift from Okawaru
 19342 | Shoals:1 | Reached skill level 18 in Axes
 19733 | Snake:1  | Entered Level 1 of the Snake Pit
 19928 | Snake:1  | Received a gift from Okawaru
 20261 | Snake:1  | Found Ypo Maj's Specific Store.
 20406 | Snake:1  | Found Xani's General Store.
 20684 | Snake:1  | Reached XP level 16. HP: 143/152 MP: 15/15
 21441 | Snake:1  | Received a gift from Okawaru
 21941 | Snake:2  | Reached skill level 19 in Axes
 22214 | Snake:2  | Slain by a mana viper

Illustrated notes

Levels and vault maps discovered:
D:1:      dpeg_arrival_shelter, layout_rooms, chequers_big_river
D:2:      layout_basic, nicolae_the_louvre
D:3:      layout_basic, chequers_avenue
D:4:      layout_rooms, lemuel_round_altar, minmay_bisected, uniq_blork_the_orc
D:5:      layout_gridville, minmay_temple_entry_trees,
          cheibrodos_sewer_entry_drain, uniq_pikel, uniq_ijyb
D:6:      layout_layer_cave, minmay_fire_ice_demons
D:7:      layout_rooms, nicolae_overflow_crystal_walls,
          hangedman_abyss_or_decor_lesser_grid, kennysheep_boxes, uniq_duvessa,
          uniq_crazy_yiuf_cottage, uniq_maggie
D:8:      layout_basic, introduction_to_nature_2, uniq_maurice, uniq_joseph,
          uniq_jeremiah
D:9:      layout_long_grid, chequers_temple_overflow_minitemple,
          lair_entry_dummy, serial_undead, serial_undead_c, serial_undead_a,
          serial_undead_c, serial_undead_a
D:10:     layout_big_octagon, amcnicky_mini_corridor_feature,
          minmay_protected_statue
D:11:     layout_grid_maze, hex_medium, uniq_urug
D:12:     layout_gridville, david_orc_5, gauntlet_entry_generic, serial_shops,
          nicolae_shop_bloodbath_and_beyond, shop, makhleb_altar_promises_db
Temple:   bh_familiar_temple
Lair:1:   lemuel_reptile_caves, layout_gridlike, lemuel_another_geyser
Lair:2:   layout_roguey, chequers_serial_rivers_large_b, serial_bayou_shore_a,
          grunt_megastairs_3
Lair:3:   layout_cave_pods, mainiacjoe_shoals_entry_four_pools,
          guppyfry_snake_entry_island, st_stairs_6,
          chequers_serial_rivers_micro_c, serial_bayou_ford_a
Lair:4:   layout_regular_city, minmay_slime_entry_pillars,
          nicolae_lair_yak_garden
Lair:5:   hangedman_lair_in_review, layout_loops_ring, guppyfry_lair_end_dragon,
          kennysheep_basilisk_garden
Shoals:1: layout_shoals
Snake:1:  layout_layer_cave, nicolae_specific_store, serial_bayou_shore_b
Snake:2:  layout_rooms, serial_shops, nicolae_shop_waterfront
Orc:1:    layout_caves, mines_bat_river
Orc:2:    kennysheep_orc_mage_school, layout_caves, basic_altar,
          portal_ice_cave_entry_imps, serial_shops, shop

Skill      XL: |  1  2  3  4  5  6  7  8  9 10 11 12 13 14 15 16 |
---------------+-------------------------------------------------+-----
Axes           | 1 2 3 4 5 7 11 13 14 15 16 18 19 | 19.2
Fighting       | 4 5 6 9 10 11 13 14 15 16 | 16.9
Shields        | 4 5 6 9 10 11 12 14 15 16 | 16.8
Armour         | 4 5 6 9 10 11 12 14 16 | 16.8
Maces & Flails | 6 |  6.7

Action                     |  1- 3 |  4- 6 |  7- 9 | 10-12 | 13-15 | 16-18 || total
---------------------------+-------+-------+-------+-------+-------+-------++-------
  Melee: War axe           |    64 |    90 |   144 |   220 |       |       ||   518
         Headbutt          |     8 |    14 |    18 |   105 |    71 |     8 ||   224
         Morningstar       |       |       |       |   234 |       |       ||   234
         Broad axe         |       |       |       |   178 |    72 |       ||   250
         Executioner's axe |       |       |       |       |   481 |    85 ||   566
  Throw: Throwing net      |       |       |       |     1 |     1 |       ||     2
 Invoke: Heroism           |       |       |       |     1 |     1 |     1 ||     3
         Receive Weapon    |       |       |       |       |     1 |       ||     1
         Receive Armour    |       |       |       |       |     1 |       ||     1
  Evoke: Wand              |       |       |       |     7 |     3 |       ||    10
    Use: Scroll            |       |       |    13 |     8 |     7 |       ||    28
         Potion            |       |       |     2 |     3 |     1 |     3 ||     9
   Stab: Petrified         |       |       |       |       |     3 |       ||     3
         Distracted        |       |       |       |       |     1 |       ||     1
         Petrifying        |       |       |       |       |     1 |       ||     1
 Armour: Scale mail        |    26 |    32 |    40 |     3 |       |       ||   101
         Chain mail        |       |       |       |   354 |    42 |       ||   396
         Crystal plate arm |       |       |       |       |   520 |   118 ||   638
  Dodge: Dodged            |    25 |    44 |    55 |   303 |   195 |    32 ||   654
  Block: Buckler           |    30 |    34 |    67 |   367 |    52 |       ||   550
         Reflection        |       |     3 |     2 |    27 |     7 |     5 ||    44
         Other             |       |       |       |       |   109 |    31 ||   140

Table legend: (Time is in decaauts)
 A = Elapsed time spent in this place.
 B = Non-inter-level travel time spent in this place.
 C = Inter-level travel time spent in this place.
 D = Time resting spent in this place.
 E = Time spent auto-exploring this place.
 F = Levels seen in this place.
 G = Mean time per level.
                   A        B        C        D        E       F      G
               +--------+--------+--------+--------+--------+-----+--------+
         Total |  22543 |  20950 |   1593 |   3912 |  11728 |  24 |  939.3 |
       Dungeon |  10313 |   9503 |    810 |   1409 |   5469 |  12 |  859.4 |
        Temple |     73 |      7 |     66 |      0 |      0 |   1 |   73.0 |
          Lair |   6154 |   5686 |    468 |    924 |   3359 |   5 | 1230.8 |
        Shoals |   1057 |   1034 |     23 |    328 |    530 |   1 | 1057.0 |
     Snake Pit |   2485 |   2476 |      9 |    746 |   1374 |   2 | 1242.5 |
  Orcish Mines |   1852 |   1637 |    215 |    450 |    744 |   2 |  926.0 |
         Sewer |    605 |    605 |      0 |     55 |    249 |   1 |  605.0 |
               +--------+--------+--------+--------+--------+-----+--------+

Top non-repeatable levels by time:
 Snake:1: 1909 daAuts
  Lair:5: 1652 daAuts
    D:11: 1449 daAuts
   Orc:2: 1334 daAuts
  Lair:2: 1256 daAuts
     D:8: 1215 daAuts
  Lair:3: 1130 daAuts
     D:9: 1114 daAuts
  Lair:1: 1071 daAuts
Shoals:1: 1057 daAuts
  Lair:4: 1043 daAuts
     D:5: 914 daAuts
    D:10: 887 daAuts
     D:2: 836 daAuts
     D:7: 827 daAuts
